 Dungeon Crawl Stone Soup version 0.31-a0-702-gf82c85558f (webtiles) character file.

Game seed: 1876303059513388980

84 Shayle the Changeling (level 4, 0/45 HPs)
             Began as an Ogre Shapeshifter on Sept 8, 2023.
             Slain by a phantom (4 damage)
             ... on level 3 of the Dungeon.
             The game lasted 00:05:28 (2085 turns).

Shayle the Changeling (Ogre Shapeshifter)           Turns: 2085, Time: 00:05:28

Health: 0/45       AC:  3    Str: 18    XL:     4   Next: 46%
Magic:  7/7        EV: 10    Int: 13    God:
Gold:   50         SH:  0    Dex: 14    Spells: 7/7 levels left

rFire   . .          .
                       - Unarmed
rCold   . . .        (no shield)
rNeg    . . .        a - +0 animal skin
rPois   .            (helmet currently unavailable)
rElec   .            (cloak currently unavailable)
rCorr   .            (gloves unavailable)
SInv    .            (boots unavailable)
Will    .....        (no amulet)
Stlth   +            e - +6 ring of dexterity
HPRegen 0.27/turn    (no ring)
MPRegen 0.10/turn

%: no passive effects
@: beast-form, attractive
A: beast (slay +2), large, unfitting armour, tough skin 1
a: Begin Untransformation


You were on level 3 of the Dungeon.
You were a hulking beast.
You visited 1 branch of the dungeon, and saw 3 of its levels.

You collected 50 gold pieces.

Inventory:

Armour
 a - a +0 animal skin (worn)
Jewellery
 e - a +6 ring of dexterity (left hand)
Talismans
 c - a beast talisman (active)
 d - a flux talisman
Scrolls
 f - a scroll of teleportation {unknown}
 g - 2 scrolls of blinking {unknown}
 j - a scroll of torment {unknown}
Potions
 b - 2 potions of resistance
 h - 2 potions of brilliance


   Skills:
 + Level 3.4 Fighting
 - Level 1.7 Dodging
 - Level 2.6 Unarmed Combat
 + Level 2.2 Spellcasting
 + Level 3.6 Shapeshifting


You had 7 spell levels left.
You didn't know any spells.
Your spell library was empty.

Dungeon Overview and Level Annotations

Branches:
Dungeon (3/15)

Altars:
Vehumet


Innate Abilities, Weirdness & Mutations

You are a hulking beast.
Your limbs bulge with bestial killing power. (Slay +2)
You are too large for most types of armour.
You have tough skin. (AC +1)


Message History

e - a +6 ring of dexterity (left hand)
You hit the phantom but do no damage.
The phantom is moderately damaged.
The phantom hits you.
* * * LOW HITPOINT WARNING * * *
The phantom blinks!
You blink.
You hit the phantom.
The phantom is heavily damaged.
The phantom hits you.
* * * LOW HITPOINT WARNING * * *
You hit the phantom but do no damage.
The phantom is heavily damaged.
The phantom hits you but does no damage.
You hit the phantom but do no damage.
The phantom is heavily damaged.
The phantom barely misses you.
You hit the phantom but do no damage.
The phantom is heavily damaged.
The phantom barely misses you.
You barely miss the phantom.
The phantom is heavily damaged.
The phantom closely misses you.
You hit the phantom.
The phantom is severely damaged.
The phantom hits you.
* * * LOW HITPOINT WARNING * * *
You hit the phantom.
The phantom is severely damaged.
The phantom hits you.
* * * LOW HITPOINT WARNING * * *
You hit the phantom.
The phantom is almost destroyed.
The phantom barely misses you.
You barely miss the phantom.
The phantom is almost destroyed.
The phantom barely misses you.
You closely miss the phantom.
The phantom is almost destroyed.
The phantom hits you.
You die...

.######......#####.##>#
#####....#.#...#.##.#
#..............#.##.#
#....#).##.#........#
..#....#..............#
..#....#........####..#
..#....#....###....#..#
............###..#....#
................hW...##
........##############
........'.......
........###########
##................#
####.#.###.....#.#
#.#.....§.○°#.#
#.####..)☼..#.#####
#......)..§.....#.#


You could see a phantom.

Vanquished Creatures
  4 adders (D:2)
  A dart slug (D:1)
  An orc (D:3)
  2 ball pythons (D:1)
  6 bats
  An endoplasm (D:1)
  4 giant cockroaches
  7 goblins
  2 hobgoblins (D:1)
  5 kobolds
  2 quokkas
  3 frilled lizards
  7 rats
45 creatures vanquished.

Vanquished Creatures (others)
  2 orcs (D:3)
2 creatures vanquished.

Grand Total: 47 creatures vanquished

Notes
Turn   | Place    | Note
-------+----------+-------------------------------------------
     0 | D:1      | Shayle the Ogre Shapeshifter began the quest for the Orb.
     0 | D:1      | Reached XP level 1. HP: 19/19 MP: 1/1
   136 | D:1      | Reached XP level 2. HP: 25/28 MP: 1/3
   216 | D:1      | Reached skill level 1 in Spellcasting
   468 | D:1      | Reached XP level 3. HP: 36/36 MP: 5/5
  1054 | D:2      | Reached XP level 4. HP: 17/45 MP: 5/7
  1843 | D:3      | Found a radiant altar of Vehumet.
  2024 | D:3      | Noticed a phantom
  2085 | D:3      | Slain by a phantom

Illustrated notes

Levels and vault maps discovered:
D:1:      amcnicky_arrival_flooded_fountain, layout_rooms
D:2:      layout_basic, serial_forest, infiniplex_forest_lined_3,
          infiniplex_forest_lined_2, infiniplex_forest_straight_3,
          infiniplex_forest_end_2, infiniplex_forest_straight_5
D:3:      layout_basic, mainiacjoe_overflow_tiny_flanked, fiery_altar_vehumet,
          chequers_temple_overflow_statue_of_worship

Skill      XL: |  1  2  3 |
---------------+----------+-----
Fighting       | 2 3 |  3.4
Spellcasting   | 1 2 |  2.2
Dodging        | |  1.7
Unarmed Combat | |  2.6
Shapeshifting  | |  3.6

Action                     |  1- 3 |  4- 6 || total
---------------------------+-------+-------++-------
  Melee: Unarmed           |   133 |    82 ||   215
         Punch             |     1 |       ||     1
    Use: Potion            |     3 |     2 ||     5
         Scroll            |       |     2 ||     2
 Armour: Animal skin       |   113 |    60 ||   173
         Skin              |     1 |       ||     1
  Dodge: Dodged            |    68 |    36 ||   104

Table legend: (Time is in decaauts)
 A = Elapsed time spent in this place.
 B = Non-inter-level travel time spent in this place.
 C = Inter-level travel time spent in this place.
 D = Time resting spent in this place.
 E = Time spent auto-exploring this place.
 F = Levels seen in this place.
 G = Mean time per level.
                   A        B        C        D        E       F      G
               +--------+--------+--------+--------+--------+-----+--------+
         Total |   2074 |   2012 |     62 |    433 |   1050 |   3 |  691.3 |
       Dungeon |   2074 |   2012 |     62 |    433 |   1050 |   3 |  691.3 |
               +--------+--------+--------+--------+--------+-----+--------+

Top non-repeatable levels by time:
     D:2: 1188 daAuts
     D:1: 589 daAuts
     D:3: 296 daAuts
